3L
HOUSTON 1837 BBC @ THUNDER BAY NORTHERN LIONS BC
06/28/2031
 
TOP OF THE 1ST
Houston 1837 BBC batting - Pitching for Thunder Bay Northern Lions BC : RHP Anatoly Ivanovich
Pitching: RHP Anatoly Ivanovich
Batting: RHB Kenny Fleming 0-0: Ball
1-0: Ball
2-0: Foul Ball, location: 2F
2-1: Swinging Strike
2-2: Ground out 4-3 (Groundball, 4MS)
Batting: RHB Phil Sherman 0-0: Ball
1-0: Ground out 6-3 (Groundball, 6)
Now at SS: Edgardo Castro
Batting: RHB Juan Chávez 0-0: Ball
1-0: Ball
2-0: Called Strike
2-1: Ball
3-1: Called Strike
3-2: Foul Ball, location: 2F
3-2: Ground out 6-3 (Groundball, 6)
Top of the 1st over - 0 runs, 0 hits, 0 errors, 0 left on base; Houston 0 - Thunder Bay 0
BOTTOM OF THE 1ST
Thunder Bay Northern Lions BC batting - Pitching for Houston 1837 BBC : LHP Alexis Zambaco
Pitching: LHP Alexis Zambaco
Batting: RHB Joe Aller 0-0: Ball
1-0: Foul Ball, location: 2F
1-1: Ground out 4-3 (Groundball, 4)
Batting: RHB António Mendoza 0-0: Ball
1-0: Ball
2-0: Called Strike
2-1: Ball
3-1: DOUBLE (Line Drive, 9D)
Batting: LHB Luis Freitas 0-0: Called Strike
0-1: Swinging Strike
0-2: Ball
1-2: Foul Ball, location: 2F
1-2: Ball
2-2: Foul Ball, location: 2F
2-2: Fly out, F4 (Popup, 13)
Batting: RHB Carlos Padilla 0-0: Ball
1-0: Foul Ball, location: 2F
1-1: Fly out, F9 (Flyball, 9)
Bottom of the 1st over - 0 runs, 1 hit, 0 errors, 1 left on base; Houston 0 - Thunder Bay 0
TOP OF THE 2ND
Houston 1837 BBC batting - Pitching for Thunder Bay Northern Lions BC : RHP Anatoly Ivanovich
Batting: RHB Bob Dickerson 0-0: Swinging Strike
0-1: Ground out 6-3 (Groundball, 6)
Batting: RHB Scott Robertson 0-0: DOUBLE (Groundball, 5L)
Batting: SHB Nobuhisa Hatoyama 0-0: Foul Ball, location: 2F
0-1: Foul Ball, location: 2F
0-2: Foul Ball, location: 2F
0-2: SINGLE (Groundball, 34D)
Scott Robertson to third
Runner from 3rd tries for Home, throw and OUT!
Batting: RHB Joey Trifone 0-0: Ball
1-0: Ball
2-0: Ball
3-0: Called Strike
3-1: Fielders Choice at 2nd, 6-4 (Groundball, 6)
Top of the 2nd over - 0 runs, 2 hits, 0 errors, 1 left on base; Houston 0 - Thunder Bay 0
BOTTOM OF THE 2ND
Thunder Bay Northern Lions BC batting - Pitching for Houston 1837 BBC : LHP Alexis Zambaco
Batting: RHB Denis Higgins 0-0: Ball
1-0: SINGLE (Line Drive, 7S)
Batting: RHB Edgardo Castro 0-0: Called Strike
0-1: Ball
1-1: Ball
2-1: Foul Ball, location: 2F
2-2: Ground out 5-3 (Groundball, 56S)
Denis Higgins to second
Batting: LHB David Smith 0-0: Called Strike
0-1: SINGLE (Flyball, 89S)
Denis Higgins to third
Runner from 3rd tries for Home, SAFE, no throw
Batting: RHB Bartolo Morales 0-0: SINGLE (Groundball, 25) (infield hit)
David Smith to second
Batting: RHB Edgar Balerio 0-0: Called Strike
0-1: Fly out, F3 (Popup, 34S)
Batting: RHB Joe Aller 0-0: Ball
1-0: Fly out, F8 (Flyball, 78M)
Bottom of the 2nd over - 1 run, 3 hits, 0 errors, 2 left on base; Houston 0 - Thunder Bay 1
TOP OF THE 3RD
Houston 1837 BBC batting - Pitching for Thunder Bay Northern Lions BC : RHP Anatoly Ivanovich
Batting: RHB Armond Merlin 0-0: Called Strike
0-1: Swinging Strike
0-2: Ball
1-2: Ball
2-2: Ground out 6-3 (Groundball, 6M)
Batting: RHB Dave Yates 0-0: Ball
1-0: Swinging Strike
1-1: Ball
2-1: Ball
3-1: Swinging Strike
3-2: Fly out, F8 (Line Drive, 78D)
Batting: RHB Kenny Fleming 0-0: Ball
1-0: Ball
2-0: Called Strike
2-1: Foul Ball, location: 2F
2-2: DOUBLE (Line Drive, 7LD)
Batting: RHB Phil Sherman 0-0: Ball
1-0: Called Strike
1-1: Foul Ball, location: 2F
1-2: Ball
2-2: Ground out 5-3 (Groundball, 56)
Top of the 3rd over - 0 runs, 1 hit, 0 errors, 1 left on base; Houston 0 - Thunder Bay 1
BOTTOM OF THE 3RD
Thunder Bay Northern Lions BC batting - Pitching for Houston 1837 BBC : LHP Alexis Zambaco
Batting: RHB António Mendoza 0-0: Called Strike
0-1: Ball
1-1: Ball
2-1: Swinging Strike
2-2: Strikes out swinging
Batting: LHB Luis Freitas 0-0: Called Strike
0-1: Fly out, F9 (Flyball, 9S)
Batting: RHB Carlos Padilla 0-0: Foul Ball, location: 2F
0-1: Foul Ball, location: 2F
0-2: Foul Ball, location: 2F
0-2: Strikes out swinging
Bottom of the 3rd over - 0 runs, 0 hits, 0 errors, 0 left on base; Houston 0 - Thunder Bay 1
TOP OF THE 4TH
Houston 1837 BBC batting - Pitching for Thunder Bay Northern Lions BC : RHP Anatoly Ivanovich
Batting: RHB Juan Chávez 0-0: Called Strike
0-1: Ball
1-1: Called Strike
1-2: Strikes out swinging
Batting: RHB Bob Dickerson 0-0: Called Strike
0-1: Ball
1-1: Fly out, F4 (Line Drive, 4)
Batting: RHB Scott Robertson 0-0: Called Strike
0-1: Called Strike
0-2: Ball
1-2: Foul Ball, location: 2F
1-2: Ball
2-2: Ball
3-2: Base on Balls
Batting: SHB Nobuhisa Hatoyama 0-0: Called Strike
0-1: Ground out 2-3 (Groundball, 15S)
Top of the 4th over - 0 runs, 0 hits, 0 errors, 1 left on base; Houston 0 - Thunder Bay 1
BOTTOM OF THE 4TH
Thunder Bay Northern Lions BC batting - Pitching for Houston 1837 BBC : LHP Alexis Zambaco
Batting: RHB Denis Higgins 0-0: Foul Ball, location: 2F
0-1: Foul Ball, location: 2F
0-2: Fly out, F7 (Flyball, 7LM)
Batting: RHB Edgardo Castro 0-0: Swinging Strike
0-1: Ball
1-1: Ball
2-1: SINGLE (Line Drive, 89M)
Batting: LHB David Smith 0-0: Called Strike
0-1: Ball
1-1: Called Strike
1-2: Foul Ball, location: 2F
1-2: Ball
2-2: Ball
3-2: Ground out 4-3 (Groundball, 4)
Edgardo Castro to second
Batting: RHB Bartolo Morales 0-0: Foul Ball, location: 2F
0-1: Ball
1-1: Called Strike
1-2: Strikes out swinging
Bottom of the 4th over - 0 runs, 1 hit, 0 errors, 1 left on base; Houston 0 - Thunder Bay 1
TOP OF THE 5TH
Houston 1837 BBC batting - Pitching for Thunder Bay Northern Lions BC : RHP Anatoly Ivanovich
Batting: RHB Joey Trifone 0-0: Ball
1-0: DOUBLE (Line Drive, 7LD)
Batting: RHB Armond Merlin 0-0: Ball
1-0: Called Strike
1-1: Ball
2-1: Ground out 5-3 (Groundball, 5)
Batting: RHB Dave Yates 0-0: Ball
1-0: Swinging Strike
1-1: Ball
2-1: Ball
3-1: Foul Ball, location: 2F
3-2: Base on Balls
Batting: RHB Kenny Fleming 0-0: Grounds into double play, 4-6-3 (Groundball, 4)
Top of the 5th over - 0 runs, 1 hit, 0 errors, 1 left on base; Houston 0 - Thunder Bay 1
BOTTOM OF THE 5TH
Thunder Bay Northern Lions BC batting - Pitching for Houston 1837 BBC : LHP Alexis Zambaco
Batting: RHB Edgar Balerio 0-0: Called Strike
0-1: SINGLE (Groundball, 56D)
Batting: RHB Joe Aller 0-0: Ball
1-0: Ball
2-0: Swinging Strike
2-1: Grounds into double play, 5-4-3 (Groundball, 56)
Batting: RHB António Mendoza 0-0: Called Strike
0-1: Foul Ball, location: 2F
0-2: Ball
1-2: Foul Ball, location: 2F
1-2: Ball
2-2: Ball
3-2: Foul Ball, location: 2F
3-2: Foul Ball, location: 2F
3-2: Fly out, F7 (Flyball, 7)
Bottom of the 5th over - 0 runs, 1 hit, 0 errors, 0 left on base; Houston 0 - Thunder Bay 1
TOP OF THE 6TH
Houston 1837 BBC batting - Pitching for Thunder Bay Northern Lions BC : RHP Anatoly Ivanovich
Batting: RHB Phil Sherman 0-0: Ball
1-0: Swinging Strike
1-1: Foul Ball, location: 2F
1-2: SINGLE (Line Drive, 9LM)
Batting: RHB Juan Chávez 0-0: Foul Ball, location: 2F
0-1: Swinging Strike
0-2: Ball
1-2: Foul Ball, location: 2F
1-2: Grounds into double play, 6-4-3 (Groundball, 6)
Batting: RHB Bob Dickerson 0-0: Called Strike
0-1: Ball
1-1: Ground out 6-3 (Groundball, 6)
Top of the 6th over - 0 runs, 1 hit, 0 errors, 0 left on base; Houston 0 - Thunder Bay 1
BOTTOM OF THE 6TH
Thunder Bay Northern Lions BC batting - Pitching for Houston 1837 BBC : LHP Alexis Zambaco
Batting: LHB Luis Freitas 0-0: Ball
1-0: Ground out U3 (Groundball, 3)
Batting: RHB Carlos Padilla 0-0: Called Strike
0-1: Fly out, F9 (Flyball, 89D)
Batting: RHB Denis Higgins 0-0: Called Strike
0-1: Ball
1-1: Called Strike
1-2: Foul Ball, location: 2F
1-2: Ball
2-2: Ball
3-2: Base on Balls
Batting: RHB Edgardo Castro 0-0: Swinging Strike
0-1: Foul Ball, location: 2F
0-2: Fly out, F8 (Flyball, 8RM)
Bottom of the 6th over - 0 runs, 0 hits, 0 errors, 1 left on base; Houston 0 - Thunder Bay 1
TOP OF THE 7TH
Houston 1837 BBC batting - Pitching for Thunder Bay Northern Lions BC : RHP Anatoly Ivanovich
Batting: RHB Scott Robertson 0-0: Called Strike
0-1: Ball
1-1: Swinging Strike
1-2: Ball
2-2: Foul Ball, location: 2F
2-2: Foul Ball, location: 2F
2-2: SINGLE (Groundball, 34D)
Batting: SHB Nobuhisa Hatoyama 0-0: Called Strike
0-1: Fielders Choice at 2nd, 4-6 (Groundball, 4)
Batting: RHB Joey Trifone 0-0: Ball
1-0: SINGLE (Groundball, 6MD)
Nobuhisa Hatoyama to second
Runner from 2nd tries for 3rd, SAFE, no throw
Batting: RHB Armond Merlin 0-0: Called Strike
0-1: Foul Ball, location: 2F
0-2: Reached on error, E5 (Groundball, 56)
Nobuhisa Hatoyama scores
Joey Trifone to third
Pinch Hitting: LHB Guillermo Arellano 0-0: Ball
1-0: Ball
2-0: DOUBLE (Line Drive, 9LM)
Joey Trifone scores
Armond Merlin scores
Batting: RHB Kenny Fleming 0-0: Ball
1-0: Foul Ball, location: 2F
1-1: Ground out U3 (Groundball, 3)
Guillermo Arellano to third
Pitching: RHP Dino Moonglampers
Batting: RHB Phil Sherman 0-0: Called Strike
0-1: Ball
1-1: Foul Ball, location: 2F
1-2: Ball
2-2: Ball
3-2: Fly out, F6 (Popup, 6MD)
Top of the 7th over - 3 runs, 3 hits, 1 error, 1 left on base; Houston 3 - Thunder Bay 1
BOTTOM OF THE 7TH
Thunder Bay Northern Lions BC batting - Pitching for Houston 1837 BBC : LHP Alexis Zambaco
Pitching: LHP Damien Scudder
Now in CF: Fa-tang Wang
Batting: LHB David Smith 0-0: Ball
1-0: Swinging Strike
1-1: Ground out 6-3 (Groundball, 6)
Batting: RHB Bartolo Morales 0-0: Ball
1-0: Fly out, F8 (Flyball, 8LM)
Batting: RHB Edgar Balerio 0-0: Ground out 6-3 (Groundball, 6M)
Bottom of the 7th over - 0 runs, 0 hits, 0 errors, 0 left on base; Houston 3 - Thunder Bay 1
TOP OF THE 8TH
Houston 1837 BBC batting - Pitching for Thunder Bay Northern Lions BC : RHP Dino Moonglampers
Batting: RHB Juan Chávez 0-0: Ball
1-0: Ball
2-0: Ground out 5-3 (Groundball, 56S)
Batting: RHB Bob Dickerson 0-0: Called Strike
0-1: Called Strike
0-2: Ball
1-2: Ball
2-2: Foul Ball, location: 2F
2-2: Fly out, F9 (Flyball, 9LSF)
Batting: RHB Scott Robertson 0-0: Ball
1-0: Foul Ball, location: 2F
1-1: Ball
2-1: Called Strike
2-2: Foul Ball, location: 2F
2-2: Ball
3-2: Foul Ball, location: 2F
3-2: Fly out, F9 (Line Drive, 9LS)
Top of the 8th over - 0 runs, 0 hits, 0 errors, 0 left on base; Houston 3 - Thunder Bay 1
BOTTOM OF THE 8TH
Thunder Bay Northern Lions BC batting - Pitching for Houston 1837 BBC : LHP Damien Scudder
Batting: RHB Joe Aller 0-0: Ball
1-0: Ball
2-0: TRIPLE (Flyball, 9LD)
Batting: RHB António Mendoza 0-0: Ball
1-0: Ball
2-0: Swinging Strike
2-1: Ground out 4-3 (Groundball, 4)
Batting: LHB Luis Freitas 0-0: Fly out, F9 (Flyball, 9)
Runner from 3rd tags up, OUT at HOME
Bottom of the 8th over - 0 runs, 1 hit, 0 errors, 0 left on base; Houston 3 - Thunder Bay 1
TOP OF THE 9TH
Houston 1837 BBC batting - Pitching for Thunder Bay Northern Lions BC : RHP Dino Moonglampers
Batting: SHB Nobuhisa Hatoyama 0-0: Called Strike
0-1: Called Strike
0-2: Ball
1-2: Ball
2-2: Ball
3-2: Strikes out swinging
Batting: RHB Joey Trifone 0-0: Called Strike
0-1: Swinging Strike
0-2: Ball
1-2: Strikes out swinging
Batting: RHB Armond Merlin 0-0: Ball
1-0: Ball
2-0: Ground out 6-3 (Groundball, 6)
Top of the 9th over - 0 runs, 0 hits, 0 errors, 0 left on base; Houston 3 - Thunder Bay 1
BOTTOM OF THE 9TH
Thunder Bay Northern Lions BC batting - Pitching for Houston 1837 BBC : LHP Damien Scudder
Pitching: RHP Tate Beason
Batting: RHB Carlos Padilla 0-0: Foul Ball, location: 2F
0-1: Called Strike
0-2: Strikes out swinging
Batting: RHB Denis Higgins 0-0: Ball
1-0: Foul Ball, location: 2F
1-1: Foul Ball, location: 2F
1-2: Fly out, F4 (Line Drive, 4M)
Batting: RHB Edgardo Castro 0-0: Foul Ball, location: 2F
0-1: Ground out U3 (Groundball, 3)
Bottom of the 9th over - 0 runs, 0 hits, 0 errors, 0 left on base; Houston 3 - Thunder Bay 1
Tuesday, June 12th, 2018 - OOTP Baseball 18.8 Build 76